 Dungeon Crawl Stone Soup version 0.24.0-37-gcf1ca852f1 (webtiles) character file.

Game seed: 1300874810931761581, levelgen mode: deterministic

1355 Iamsoldier the Charmwright (level 8, 0/64 HPs)
             Began as a Gnoll Skald on Dec 1, 2019.
             Was a Follower of Okawaru.
             Slain by an orc warrior
             ... wielding a +0 long sword of flaming
              (10 damage)
             ... on level 6 of the Dungeon.
             The game lasted 00:13:56 (6383 turns).

Iamsoldier the Charmwright (Gnoll Skald)            Turns: 6383, Time: 00:13:57

Health: 0/64       AC:  7    Str: 14    XL:     8   Next: 63%
Magic:  6/17       EV: 15    Int: 20    God:    Okawaru [*.....]
Gold:   317        SH:  0    Dex: 15    Spells: 10/19 levels left

rFire    + . .     SeeInvis .   a - +1 trident
rCold    . . .     Gourm    .   (no shield)
rNeg     . . .     Faith    .   C - +0 leather armour {rC+}
rPois    .         Spirit   .   m - +2 helmet {Int+3}
rElec    .         Reflect  .   v - +0 cloak
rCorr    .         Harm     .   (no gloves)
MR       .....                  (no boots)
Stlth    +++.......             r - amulet of the acrobat
HPRegen  1.20/turn              f - ring of stealth
MPRegen  0.15/turn              u - ring of fire

@: flying, regenerating (expiring)
A: distributed training, fangs 1, strong nose
a: Heroism, Renounce Religion


You were on level 6 of the Dungeon.
You worshipped Okawaru.
Okawaru was aware of your devotion.
You were not hungry.

You visited 1 branch of the dungeon, and saw 6 of its levels.
You also visited: Sewer.

You collected 317 gold pieces.

Inventory:

Hand Weapons
 a - a +1 trident (weapon)
Missiles
 F - 3 boomerangs (quivered)
Armour
 b - a +0 leather armour
 e - a +0 ring mail
 m - a +2 helmet of intelligence (worn)
 p - a +0 shield
 v - a +0 cloak (worn)
 C - a +0 leather armour of cold resistance (worn)
Jewellery
 f - a ring of stealth (left hand)
 j - an uncursed ring of protection from cold
 r - an amulet of the acrobat (around neck)
 u - a ring of fire (right hand)
Wands
 q - a wand of polymorph (8)
 B - a wand of iceblast (17)
 D - a wand of digging (5)
 E - a wand of paralysis (6)
 G - a wand of flame (14)
Scrolls
 i - 4 scrolls of remove curse
 s - a scroll of enchant armour {unknown}
 w - 3 scrolls of teleportation
 y - a scroll of fog {unknown}
 z - 2 scrolls of fear {unknown}
 H - a scroll of identify
 I - a scroll of immolation {unknown}
 J - a scroll of random uselessness {unknown}
Potions
 c - 2 potions of flight
 g - a potion of mutation {unknown}
 h - 2 potions of curing
 k - a potion of heal wounds {unknown}
 l - 3 potions of brilliance {unknown}
 n - a potion of lignification {unknown}
 o - a potion of berserk rage {unknown}
 x - a potion of might {unknown}
 A - 5 potions of haste {unknown}
Comestibles
 d - 11 rations
 t - a chunk of flesh


   Skills:
 + Level 5.7 Fighting
 + Level 3.3 Short Blades
 + Level 3.3 Long Blades
 + Level 3.3 Axes
 + Level 3.3 Maces & Flails
 + Level 5.7 Polearms
 + Level 3.3 Staves
 + Level 3.3 Slings
 + Level 3.3 Bows
 + Level 3.3 Crossbows
 + Level 3.3 Throwing
 + Level 4.3 Armour
 + Level 5.7 Dodging
 + Level 3.3 Stealth
 + Level 3.3 Shields
 + Level 3.3 Unarmed Combat
 + Level 6.1 Spellcasting
 + Level 2.7 Conjurations
 + Level 2.7 Hexes
 + Level 6.1 Charms
 + Level 2.7 Summonings
 + Level 2.7 Necromancy
 + Level 2.7 Translocations
 + Level 2.7 Transmutations
 + Level 2.7 Fire Magic
 + Level 2.7 Ice Magic
 + Level 2.7 Air Magic
 + Level 2.7 Earth Magic
 + Level 2.7 Poison Magic
 + Level 3.7 Invocations
 + Level 3.3 Evocations


You had 10 spell levels left.
You knew the following spells:

 Your Spells              Type           Power        Failure   Level  Hunger
a - Infusion              Chrm           ####         1%          1    None
b - Shroud of Golubria    Chrm/Tloc      ###...       3%          2    None
c - Spectral Weapon       Hex/Chrm       ###.....     6%          3    ##.....
d - Regeneration          Chrm/Necr      ###.......   6%          3    ##.....

Your spell library contained the following spells:

 Spells                   Type           Power        Failure   Level  Hunger
 Song of Slaying          Chrm           ####....     1%          2    None
 Animate Skeleton         Necr           N/A          4%          1    None
 Pain                     Necr           ###.         4%          1    None
 Vampiric Draining        Necr           ###.......   12%         3    ##.....
 Animate Dead             Necr           N/A          38%         4    ####...


Dungeon Overview and Level Annotations

Branches:
Dungeon (6/15)              Sewer (visited)
 Temple: D:4-7

Altars:
Nemelex Xobeh
Okawaru
Ru
Yredelemnul


Innate Abilities, Weirdness & Mutations

Your experience applies equally to all skills.
You have very sharp teeth.
Your uncanny sense of smell can sniff out nearby items.


Message History

It was a potion of flight.
You feel very buoyant.
You fly up into the air.
The orc hits your spectral weapon with a +0 short sword.
Your spectral weapon shares its damage with you!
The orc warrior hits you with a +0 long sword of flaming!
* * * LOW HITPOINT WARNING * * *
The orc warrior burns you.
* * * LOW HITPOINT WARNING * * *
The orc hits you.
* * * LOW HITPOINT WARNING * * *
The orc misses you.
Okay, then.
Evoke which item? (* to show all) (? for menu, Esc to quit)
Okay, then.
You feel better. The orc hits you.
* * * LOW HITPOINT WARNING * * *
The orc closely misses you.
The orc warrior hits you with a +0 long sword of flaming!
You die...

.. .. .. ∆.# #########
.## ........# (.#
........# ∆∆ ##oo#
........####∆∆##@o#
...........####.o####.
.........###...........
.....<.......#######.##
..........##.......
........#..#.......
.........#.#.......
...................
....#..............


You could see an orc warrior, 3 orcs and a friendly spectral +1 trident.

Vanquished Creatures
  Grinder (D:3)
  A water moccasin (D:5)
  An orc warrior (D:5)
  A bullfrog (D:3)
  4 scorpions
  2 crimson imps (D:5)
  A centaur zombie (D:5)
  A hound (D:4)
  A bullfrog zombie (D:5)
  3 orc priests (D:3)
  A jelly (D:5)
  Crazy Yiuf (D:2)
  An orc wizard (D:3)
  A bullfrog skeleton (D:4)
  Ijyb (D:3)
  2 worker ants
  Robin (D:2)
  11 adders
  2 oozes
  A worm (D:3)
  2 dart slugs
  3 leopard geckos
  20 orcs
  5 giant cockroaches
  22 goblins
  6 hobgoblins
  14 jackals
  2 ball pythons
  11 bats
  9 frilled lizards
  13 kobolds
  7 rats
  3 fungi (D:5)
155 creatures vanquished.

Vanquished Creatures (others)
  A fungus (D:5)
  3 spectral weapons
4 creatures vanquished.

Grand Total: 159 creatures vanquished

Notes
Turn   | Place    | Note
-------+----------+-------------------------------------------
     0 | D:1      | Iamsoldier the Gnoll Skald began the quest for the Orb.
     0 | D:1      | Reached XP level 1. HP: 20/20 MP: 6/6
    73 | D:1      | Reached XP level 2. HP: 25/26 MP: 2/7
    80 | D:1      | Learned a level 2 spell: Shroud of Golubria
   277 | D:1      | Reached XP level 3. HP: 29/31 MP: 2/9
   293 | D:1      | Learned a level 3 spell: Spectral Weapon
   297 | D:1      | Learned a level 3 spell: Regeneration
   625 | D:1      | Reached skill level 5 in Spellcasting
   813 | D:2      | Noticed Robin
   837 | D:2      | Killed Robin
   837 | D:2      | Reached skill level 1 in Invocations
   935 | D:2      | Reached skill level 1 in Short Blades
   935 | D:2      | Reached skill level 1 in Long Blades
   935 | D:2      | Reached skill level 1 in Axes
   935 | D:2      | Reached skill level 1 in Maces & Flails
   935 | D:2      | Reached skill level 1 in Staves
   935 | D:2      | Reached skill level 1 in Slings
   935 | D:2      | Reached skill level 1 in Bows
   935 | D:2      | Reached skill level 1 in Crossbows
   935 | D:2      | Reached skill level 1 in Throwing
   935 | D:2      | Reached skill level 1 in Stealth
   935 | D:2      | Reached skill level 1 in Shields
   935 | D:2      | Reached skill level 1 in Unarmed Combat
   935 | D:2      | Reached skill level 1 in Evocations
  1194 | D:2      | Reached XP level 4. HP: 38/38 MP: 4/11
  1247 | D:2      | Found a runed translucent door.
  1248 | D:2      | Noticed Crazy Yiuf
  1705 | D:2      | Reached skill level 1 in Conjurations
  1705 | D:2      | Reached skill level 1 in Hexes
  1705 | D:2      | Reached skill level 1 in Summonings
  1705 | D:2      | Reached skill level 1 in Necromancy
  1705 | D:2      | Reached skill level 1 in Translocations
  1705 | D:2      | Reached skill level 1 in Transmutations
  1705 | D:2      | Reached skill level 1 in Fire Magic
  1705 | D:2      | Reached skill level 1 in Ice Magic
  1705 | D:2      | Reached skill level 1 in Air Magic
  1705 | D:2      | Reached skill level 1 in Earth Magic
  1705 | D:2      | Reached skill level 1 in Poison Magic
  2040 | D:2      | Killed Crazy Yiuf
  2040 | D:2      | Reached XP level 5. HP: 28/43 MP: 3/12
  2380 | D:3      | Reached XP level 6. HP: 19/50 MP: 2/13
  2466 | D:3      | Found a glowing drain.
  2485 | Sewer    | Entered a sewer
  3479 | D:3      | Reached skill level 5 in Fighting
  3479 | D:3      | Reached skill level 5 in Polearms
  3479 | D:3      | Reached skill level 5 in Dodging
  3883 | D:3      | Noticed Ijyb
  3892 | D:3      | Killed Ijyb
  4080 | D:3      | Noticed Grinder
  4091 | D:3      | Paralysed by Grinder for 4 turns
  4099 | D:3      | Killed Grinder
  4099 | D:3      | Reached XP level 7. HP: 4/56 MP: 8/15
  4741 | D:4      | Found a sparkling altar of Nemelex Xobeh.
  5184 | D:4      | Found a sacrificial altar of Ru.
  5193 | D:4      | Found an iron altar of Okawaru.
  5196 | D:4      | Became a worshipper of Warmaster Okawaru
  5313 | D:5      | Entered Level 5 of the Dungeon
  5363 | D:5      | Reached XP level 8. HP: 35/63 MP: 7/16
  5877 | D:5      | Reached * piety under Okawaru
  6037 | D:5      | Found a basalt altar of Yredelemnul.
  6382 | D:6      | HP: 2/64 [orc (2)]
  6383 | D:6      | Slain by an orc warrior

Levels and vault maps discovered:
D:1:      dpeg_arrival_lava_temple_mockup, layout_rooms
D:2:      layout_basic, uniq_robin, uniq_crazy_yiuf_cottage
D:3:      kennysheep_goblin_castle, layout_basic, cheibrodos_sewer_entry_sluice,
          uniq_grinder
D:4:      layout_rooms, nemelex_xobeh_ov_fountains_minmay,
          amethyst_overflow_temple_binary
D:5:      old_forge, layout_basic, lemuel_doored_altar, first_ration,
          grunt_decor_fettered
D:6:      layout_rooms, kennysheep_mini, overflow_temple_1_default,
          minmay_temple_entry_crystal_x, lightli_orcish_oven

Skill      XL: |  1  2  3  4  5  6  7  8 |
---------------+-------------------------+-----
Spellcasting   | 5 6 |  6.1
Invocations    | 1 2 3 |  3.7
Short Blades   | 1 2 3 |  3.3
Long Blades    | 1 2 3 |  3.3
Axes           | 1 2 3 |  3.3
Maces & Flails | 1 2 3 |  3.3
Staves         | 1 2 3 |  3.3
Slings         | 1 2 3 |  3.3
Bows           | 1 2 3 |  3.3
Crossbows      | 1 2 3 |  3.3
Throwing       | 1 2 3 |  3.3
Stealth        | 1 2 3 |  3.3
Shields        | 1 2 3 |  3.3
Unarmed Combat | 1 2 3 |  3.3
Evocations     | 1 2 3 |  3.3
Conjurations   | 1 2 |  2.7
Hexes          | 1 2 |  2.7
Summonings     | 1 2 |  2.7
Necromancy     | 1 2 |  2.7
Translocations | 1 2 |  2.7
Transmutations | 1 2 |  2.7
Fire Magic     | 1 2 |  2.7
Ice Magic      | 1 2 |  2.7
Air Magic      | 1 2 |  2.7
Earth Magic    | 1 2 |  2.7
Poison Magic   | 1 2 |  2.7
Armour         | 3 4 |  4.3
Fighting       | 5 |  5.7
Polearms       | 5 |  5.7
Dodging        | 5 |  5.7
Charms         | 6 |  6.1

Action                   |  1- 3 |  4- 6 |  7- 9 || total
-------------------------+-------+-------+-------++-------
Melee: Spear             |    90 |       |       ||    90
       Bite              |     8 |    15 |    22 ||    45
       Trident           |       |   198 |   177 ||   375
       Punch             |       |       |     3 ||     3
 Cast: Infusion          |     6 |     4 |       ||    10
       Shroud of Golubri |     3 |    10 |     8 ||    21
       Spectral Weapon   |     1 |    16 |    16 ||    33
       Regeneration      |       |     3 |     2 ||     5
  Use: Scroll            |     1 |     4 |     3 ||     8
       Potion            |       |     2 |     2 ||     4
 Stab: Sleeping          |     2 |     8 |     3 ||    13
       Distracted        |       |       |     2 ||     2
  Eat: Chunk             |     1 |    11 |     8 ||    20
Armor: Leather armour    |    11 |    47 |    36 ||    94
Dodge: Dodged            |    46 |   129 |   106 ||   281
